AoeStats
← распродаж

Hill Fort

504296181Analyzed
4v4 RM · 28d ago on Sep 4, 2026· 45m 49s· 8 players
Game mode
Random Map
Map size
Large (8 player)
Population
200
Speed
Normal
Resources
Standard
Victory
Conquest
Starting age
Dark Age
Ending age
Imperial Age
RankedLock teamsTeams togetherTeam positionsShared explorationLock speedFull tech treeHidden civsTurbo modeCheats
Victory
Defeat
🇺🇸 Teutons · United States
1572
+12
🇺🇸 Franks · United States
1546
+14
🇦🇷 Byzantines · Argentina
1505
+15
🇷🇴 Huns · Romania
1490
+16
🇮🇳 Burmese · India
1663
-21
🇭🇰 Aztecs · Hong Kong SAR China
1511
-15
🇦🇷 Inca · Argentina
1454
-13
🇹🇷 Gurjaras · Türkiye
1345
-8
распродаж
11:41 Feudal Age
15:26 Castle Age
14:03 Double-Bit Axe
14:10 Horse Collar
15:12 Loom
17:29 Wheelbarrow
28:49 Imperial Age
26:36 Bow Saw
26:21 Crossbowman
26:59 Fletching
28:07 Ballistics
28:30 Bodkin Arrow
28:36 Padded Archer Armor
29:02 Arbalester
30:22 Town Watch
30:43 Bracer
30:55 Town Watch
31:59 Heavy Plow
31:56 Gold Mining
33:18 Leather Archer Armor
34:08 Chemistry
33:48 Hand Cart
35:39 Leather Archer Armor
36:38 Gambesons
36:53 Squires
36:38 Arson
37:05 Forging
36:56 Scale Mail Armor
36:39 Pikeman
37:52 Conscription
38:43 Chain Mail Armor
40:05 Plate Mail Armor
40:10 Iron Casting
41:28 Elite Skirmisher
42:09 Atlatl
45:30 Blast Furnace
Bear
11:24 Feudal Age
16:35 Castle Age
15:32 Horse Collar
15:38 Double-Bit Axe
22:28 Wheelbarrow
22:51 Loom
22:52 Town Watch
25:28 Hand Cart
28:17 Forging
33:38 Imperial Age
32:40 Town Patrol
35:32 Iron Casting
34:48 Fletching
34:59 Padded Archer Armor
37:33 Scale Mail Armor
41:20 Chain Mail Armor
42:05 Blast Furnace
42:41 Plate Mail Armor
42:27 Leather Archer Armor
42:07 Bodkin Arrow
43:05 Caravan
45:10 Ring Archer Armor
45:30 Bracer
45:14 Elite Skirmisher
NoisyBuoy
9:58 Feudal Age
8:18 Loom
10:25 Feudal Age
10:11 Loom
14:08 Castle Age
12:49 Horse Collar
22:26 Padded Archer Armor
25:14 Husbandry
26:19 Town Watch
27:20 Wheelbarrow
27:50 Bloodlines
30:01 Ballistics
30:01 Gold Mining
31:30 Gold Shaft Mining
32:29 Fletching
35:57 Imperial Age
34:36 Bodkin Arrow
35:54 Masonry
37:03 Coinage
36:17 Elite Arambai
37:52 Conscription
39:04 Chemistry
38:35 Hand Cart
38:17 Herbal Medicine
38:31 Murder Holes
39:20 Parthian Tactics
40:03 Bloodlines
40:09 Heavy Plow
40:47 Guilds
41:55 Architecture
41:57 Caravan
HAKUNA MATATA
11:35 Feudal Age
15:41 Castle Age
13:28 Loom
14:25 Double-Bit Axe
14:38 Horse Collar
16:00 Double-Bit Axe
19:28 Town Watch
21:18 Forging
22:28 Scale Mail Armor
23:04 Iron Casting
24:11 Chain Mail Armor
34:05 Bow Saw
34:12 Heavy Plow
34:04 Gold Mining
34:05 Stone Mining
36:09 Wheelbarrow
35:48 Fletching
35:59 Padded Archer Armor
38:19 Bodkin Arrow
38:39 Leather Archer Armor
39:39 Scale Barding Armor
40:08 Husbandry
40:18 Bloodlines
40:32 Bloodlines
45:08 Imperial Age
43:49 Chain Barding Armor
45:07 Hand Cart
Hyperion
8:23 Loom
10:09 Feudal Age
10:46 Feudal Age
17:17 Castle Age
18:40 Double-Bit Axe
18:47 Gold Mining
19:24 Forging
19:19 Scale Mail Armor
24:40 #83
30:20 Iron Casting
31:21 Wheelbarrow
31:27 Bow Saw
32:38 Town Watch
36:08 Imperial Age
34:10 Padded Archer Armor
34:21 Stone Mining
35:19 Hand Cart
35:43 Leather Archer Armor
36:15 Gold Shaft Mining
36:57 Fletching
37:35 Conscription
39:17 Chemistry
38:28 Masonry
39:22 Hoardings
39:28 Caravan
40:31 Bodkin Arrow
42:46 Scale Barding Armor
43:42 Blast Furnace
NomadorNothing
10:23 Feudal Age
10:42 Feudal Age
14:38 Castle Age
12:22 Horse Collar
13:04 Double-Bit Axe
14:59 Loom
15:35 Bow Saw
15:26 Heavy Plow
18:24 Gold Mining
19:42 Wheelbarrow
23:43 Bloodlines
23:40 Scale Barding Armor
25:15 Chain Barding Armor
26:26 Forging
33:07 Imperial Age
31:16 Town Watch
32:46 Hand Cart
33:36 Stone Mining
33:26 Cavalier
34:44 Plate Barding Armor
35:10 Two-Man Saw
35:10 Paladin
37:32 Conscription
37:48 Hoardings
38:23 Chemistry
38:09 Iron Casting
39:10 Siege Engineers
39:17 Caravan
41:18 Blast Furnace
40:08 Fletching
45:51 Coinage
45:36 Guilds
✪ Andrew0w
10:28 Feudal Age
12:29 Loom
15:07 Castle Age
13:53 Double-Bit Axe
14:09 Horse Collar
15:35 Fletching
17:29 Ballistics
19:22 Bodkin Arrow
20:42 Padded Archer Armor
24:03 Bow Saw
25:46 Thumb Ring
26:11 Town Watch
27:18 Husbandry
27:28 Bloodlines
30:01 Leather Archer Armor
30:24 Bloodlines
33:25 Wheelbarrow
32:59 Heavy Plow
37:55 Imperial Age
38:03 Imperial Age
36:41 Gold Mining
37:38 Hand Cart
37:01 Elite Skirmisher
38:12 Heavy Cavalry Archer
39:32 Parthian Tactics
40:08 Bracer
41:07 Conscription
42:10 Chemistry
43:38 Caravan
MAGOYA
11:04 Feudal Age
11:47 Horse Collar
11:53 Double-Bit Axe
12:54 Wheelbarrow
13:12 Loom
18:08 Castle Age
21:29 Bow Saw
21:21 Heavy Plow
21:13 Gold Mining
21:16 Stone Mining
23:51 Scale Barding Armor
26:20 Forging
27:41 Chain Barding Armor
28:06 Hand Cart
29:19 Gold Shaft Mining
33:00 Imperial Age
31:15 Stone Shaft Mining
31:57 Iron Casting
33:25 Elite Cataphract
34:47 Plate Barding Armor
35:37 Conscription
35:31 Logistica
36:17 Husbandry
37:03 Fletching
37:14 Padded Archer Armor
36:50 Light Cavalry
37:58 Ballistics
38:38 Chemistry
38:47 Chemistry
38:07 Ballistics
37:44 Hussar
40:42 Bodkin Arrow
41:02 Leather Archer Armor
40:36 Elite Skirmisher
41:22 Thumb Ring
43:11 Bracer
43:42 Treadmill Crane
44:19 Leather Archer Armor
46:41 Ring Archer Armor
Connection lost

Rejoining the realm…

Still unreachable

The connection could not be restored.

Session expired

The server has moved on; the page needs a fresh start.